 Dungeon Crawl Stone Soup version 0.27-a0-1291-geefcff550b (webtiles) character file.

Game seed: 9741741964091159246

141 quinnr the Destroyer (level 5, -4/28 HPs)
             Began as a Tengu Conjurer on June 16, 2021.
             Was an Initiate of Vehumet.
             Slain by Grinder (5 damage)
             ... while paralysed by Grinder
             ... on level 4 of the Dungeon.
             The game lasted 00:09:43 (3511 turns).

quinnr the Destroyer (Tengu Conjurer)               Turns: 3511, Time: 00:09:44

Health: -4/28      AC:  2    Str:  7    XL:     5   Next: 24%
Magic:  0/9        EV:  2    Int: 20    God:    Vehumet [......]
Gold:   141        SH:  0    Dex: 12    Spells: 1/8 levels left

rFire    . . .     SeeInvis .   n - +0 lajatang
rCold    . . .     Faith    .   (shield currently unavailable)
rNeg     . . .     Spirit   .   a - +0 robe
rPois    .         Reflect  .   (helmet restricted)
rElec    .         Harm     .   (no cloak)
rCorr    .         Rampage  .   (no gloves)
Will     .....                  (boots unavailable)
Stlth    ++........             q - amulet of regeneration
HPRegen  1.09/turn              (no ring)
MPRegen  0.11/turn              (no ring)

@: paralysed, flying quickly and evasively, quick
A: beak, talons 3, nimble flight
a: Renounce Religion


You were on level 4 of the Dungeon.
You worshipped Vehumet.
Vehumet was noncommittal.
You visited 1 branch of the dungeon, and saw 4 of its levels.

You collected 141 gold pieces.

Inventory:

Hand Weapons
 f - a +0 short sword
 n - a +0 lajatang (weapon)
Missiles
 o - 21 bolts
Armour
 a - a +0 robe (worn)
Jewellery
 k - a +4 ring of evasion
 p - a ring of fire
 q - an amulet of regeneration (around neck)
Scrolls
 b - a scroll of immolation
 c - a scroll of summoning {unknown}
 e - a scroll of teleportation
 i - a scroll of enchant weapon {unknown}
 j - a scroll of noise {unknown}
 l - a scroll of fog {unknown}
Potions
 d - a potion of haste
 h - 2 potions of brilliance
 m - a potion of ambrosia {unknown}
 r - a potion of lignification {unknown}


   Skills:
 - Level 2.1 Dodging
 - Level 2.0 Stealth
 + Level 2.3 Spellcasting
 - Level 8.0 Conjurations
 + Level 0.7 Hexes


You had one spell level left.
You knew the following spells:

 Your Spells              Type           Power      Damage    Failure   Level
a - Magic Dart            Conj           100%       1d8       1%          1
b - Fulminant Prism       Conj/Hex       9%         3d7       26%         4
c - Searing Ray           Conj           68%        3d5       1%          2

Your spell library contained the following spells:

 Spells                   Type           Power      Damage    Failure   Level
 Dazzling Flash           Conj/Hex       38%        N/A       8%          3
 Iskenderun's Mystic Bla  Conj/Tloc      18%        2d6       30%         4


Dungeon Overview and Level Annotations

Branches:
Dungeon (4/15)
 Temple: D:4-7

Altars:
Vehumet

Annotations:
D:3 exclusion: steam dragon, Sigmund
D:4 Grinder


Innate Abilities, Weirdness & Mutations

You have a beak for a mouth.
You have claws for feet.
Your magical nature lets you fly swiftly and evasively.


Message History

The searing ray hits Grinder!
Grinder is severely wounded.
You finish channeling your searing ray.
Grinder gestures at you. Pain shoots through your body!
* * * LOW HITPOINT WARNING * * *
Unknown command.
Okay, then.
Casting: Searing Ray (safe; 1% risk of failure)
Confirm with . or Enter, or press ? or * to list all spells.
You don't know that spell.
Okay, then.
Found 27 stones.
Your magical contamination has completely faded away.
Grinder gestures at you.
You suddenly lose the ability to move!
Grinder blinks! x2
You can move again.
Aiming: Magic Dart (safe; 1% risk of failure)
Press: ? - help, Q - select action, (/) - cycle Shift-Dir - straight line, f - Grinder
Aim: Grinder (severely wounded, 100% to hit)
The magic dart hits Grinder.
Grinder is severely wounded.
Grinder blinks!
Aiming: Magic Dart (safe; 1% risk of failure)
Press: ? - help, Q - select action, (/) - cycle Shift-Dir - straight line, f/p - Grinder
Aim: Grinder (severely wounded, 100% to hit)
The magic dart hits Grinder.
Grinder is almost dead.
Grinder gestures at you. Pain shoots through your body!
Grinder gestures at you.
You suddenly lose the ability to move!
Grinder gestures at you. Pain shoots through your body!
* * * LOW HITPOINT WARNING * * *
Grinder hits you!
* * * LOW HITPOINT WARNING * * *
You writhe in agony.
You die...

..# 5. .. .## ..# .
# #.#
...(#.######.#######
.......@5...........
....(#######.....###
... #.....# ....
#.....# ... ##..###
####.###### ##.##
.......)..# #..#
..........# ##.#
Z.........#####.#


You could see Grinder.

Vanquished Creatures
  An iguana (D:3)
  5 adders
  3 gnolls (D:4)
  A dart slug (D:2)
  2 orcs (D:3)
  2 bats
  3 endoplasms
  2 giant cockroaches
  A hobgoblin (D:1)
  9 kobolds
  5 quokkas
  5 ball pythons
  A frilled lizard (D:2)
  A goblin (D:1)
  A rat (D:1)
42 creatures vanquished.

Notes
Turn   | Place    | Note
-------+----------+-------------------------------------------
     0 | D:1      | quinnr the Tengu Conjurer began the quest for the Orb.
     0 | D:1      | Reached XP level 1. HP: 10/10 MP: 4/4
   398 | D:1      | Reached XP level 2. HP: 15/15 MP: 4/6
   636 | D:1      | Reached skill level 6 in Conjurations
   823 | D:2      | HP: 1/15 [poisoned by an adder]
  1189 | D:2      | Reached XP level 3. HP: 19/19 MP: 3/7
  1653 | D:3      | Noticed a steam dragon
  1887 | D:3      | Found a radiant altar of Vehumet.
  1899 | D:3      | Reached skill level 7 in Conjurations
  2090 | D:3      | Became a worshipper of Vehumet
  2149 | D:3      | Noticed Sigmund
  2387 | D:3      | Reached XP level 4. HP: 24/24 MP: 2/8
  3095 | D:4      | Learned a level 4 spell: Fulminant Prism
  3162 | D:4      | Reached skill level 8 in Conjurations
  3267 | D:4      | Gained mutation: Your magical nature lets you fly swiftly
                  | and evasively. [Tengu growth]
  3267 | D:4      | Reached XP level 5. HP: 28/28 MP: 5/9
  3437 | D:4      | Learned a level 2 spell: Searing Ray
  3479 | D:4      | Noticed Grinder
  3492 | D:4      | Paralysed by Grinder for 5 turns
  3506 | D:4      | Paralysed by Grinder for 5 turns
  3511 | D:4      | HP: 1/28 [Grinder (7)]
  3511 | D:4      | Slain by Grinder

Illustrated notes

Levels and vault maps discovered:
D:1:      dpeg_arrival_rhombi, layout_basic
D:2:      layout_basic
D:3:      layout_loops_ring, lemuel_tele_altar, st_stairs_7, uniq_sigmund
D:4:      layout_basic, uniq_eustachio, uniq_edmund, uniq_grinder

Skill      XL: |  1  2  3  4 |
---------------+-------------+-----
Conjurations   | 6 7 8 |  8.0
Dodging        | |  2.1
Stealth        | |  2.0
Spellcasting   | |  2.3
Hexes          | |  0.7

Action                   |  1- 3 |  4- 6 || total
-------------------------+-------+-------++-------
Melee: Short sword       |     1 |       ||     1
       Lajatang          |       |     2 ||     2
 Cast: Magic Dart        |    59 |    40 ||    99
       Searing Ray       |       |     2 ||     2
  Use: Scroll            |       |     4 ||     4
Armor: Robe              |     1 |       ||     1
Dodge: Dodged            |     4 |     5 ||     9

Table legend: (Time is in decaauts)
 A = Elapsed time spent in this place.
 B = Non-inter-level travel time spent in this place.
 C = Inter-level travel time spent in this place.
 D = Time resting spent in this place.
 E = Time spent auto-exploring this place.
 F = Levels seen in this place.
 G = Mean time per level.
                   A        B        C        D        E       F      G
               +--------+--------+--------+--------+--------+-----+--------+
         Total |   3504 |   3292 |    212 |    791 |   2080 |   4 |  876.0 |
       Dungeon |   3504 |   3292 |    212 |    791 |   2080 |   4 |  876.0 |
               +--------+--------+--------+--------+--------+-----+--------+

Top non-repeatable levels by time:
     D:3: 1455 daAuts
     D:1: 1054 daAuts
     D:2: 566 daAuts
     D:4: 428 daAuts
